 Dungeon Crawl Stone Soup version 0.29.0-5-ge4962eb29e (webtiles) character file.

Game seed: 10711559993375752169

93 RascalDebosk the Shield-Bearer (level 4, -1/40 HPs)
             Began as a Minotaur Fighter on Aug 28, 2022.
             Killed from afar by an orc wizard (5 damage)
             ... with a puff of flame
             ... on level 3 of the Dungeon.
             The game lasted 00:13:35 (2585 turns).

RascalDebosk the Shield-Bearer (Minotaur Fighter)   Turns: 2585, Time: 00:13:36

Health: -1/40      AC:  7    Str: 23    XL:     4   Next: 36%
Magic:  3/3        EV:  9    Int:  5    God:
Gold:   148        SH:  4    Dex:  9    Spells: 3/3 levels left

rFire   . . .      SeeInvis .   a - +0 war axe
rCold   . . .      Faith    .   c - +0 buckler
rNeg    . . .      Spirit   .   b - +0 scale mail
rPois   .          Reflect  .   (helmet restricted)
rElec   .          Harm     .   (no cloak)
rCorr   .          Rampage  .   (no gloves)
Will    .....                   (no boots)
Stlth   ..........              (no amulet)
HPRegen 0.13/turn               (no ring)
MPRegen 0.08/turn               (no ring)

@: no status effects
A: horns 2, retaliatory headbutt
a: no special abilities


You were on level 3 of the Dungeon.
You visited 1 branch of the dungeon, and saw 3 of its levels.

You collected 148 gold pieces.

Inventory:

Hand Weapons
 a - a +0 war axe (weapon)
 s - a +2 quarterstaff of speed
Missiles
 g - 15 poisoned darts (quivered)
 o - a throwing net
Armour
 b - a +0 scale mail (worn)
 c - a +0 buckler (worn)
Jewellery
 r - a ring of see invisible
Scrolls
 e - a scroll of teleportation
 j - a scroll of noise {unknown}
 k - a scroll of silence {unknown}
 l - a scroll of fear {unknown}
 p - a scroll of identify
Potions
 d - 2 potions of might
 f - 2 potions of heal wounds
 h - a potion of lignification {unknown}
 i - 4 potions of curing {unknown}
 m - 2 potions of degeneration {unknown}
 n - a potion of ambrosia {unknown}
 q - a potion of brilliance {unknown}


   Skills:
 + Level 4.1 Fighting
 + Level 3.2 Axes
 + Level 1.2 Throwing
 + Level 4.1 Armour
 + Level 4.2 Shields
 + Level 1.3 Evocations


You had 3 spell levels left.
You didn't know any spells.
Your spell library contained the following spells:

 Spells                   Type           Power      Damage    Failure   Level
 Ensorcelled Hibernation  Hex/Ice        0%         N/A       95%         2
 Passwall                 Tmut/Erth      0%         N/A       95%         2
 Poisonous Vapours        Pois/Air       0%         N/A       95%         2
 Swiftness                Air            0%         N/A       99%         3
 Corpse Rot               Necr/Pois/Air  0%         N/A       100%        4
 Leda's Liquefaction      Hex/Erth       0%         N/A       100%        4
 Lee's Rapid Deconstruct  Erth           0%         3d5*      100%        5
 Statue Form              Tmut/Erth      0%         N/A       100%        6


Dungeon Overview and Level Annotations

Branches:
Dungeon (3/15)

Altars:


Innate Abilities, Weirdness & Mutations

You have a pair of horns on your head.
You reflexively headbutt those who attack you in melee.


Message History

You slash the orc!
You kill the orc!
The orc wizard barely misses you.
You hit the orc wizard but do no damage.
The orc wizard closely misses you. You furiously retaliate!
You headbutt the orc wizard. You closely miss the orc wizard.
The orc wizard is heavily wounded.
The orc wizard mumbles some strange words.
The orc wizard flickers and vanishes!
Deactivating autopickup; reactivate with Ctrl-A.
You closely miss something. Your headbutt misses something.
You hear some strange, mumbled words.
You are confused.
Something hits you but does no damage.
You completely miss something. Something hits you.
You bump into the rock wall.
Something hits you.
You bump into the rock wall.
You hear some strange, mumbled words.
A puff of flame appears from out of thin air!
The puff of flame hits you!
You bump into the rock wall.
Something hits you.
* * * LOW HITPOINT WARNING * * *
The orc wizard casts a spell.
The orc wizard flickers and vanishes!
You closely miss something. Your headbutt misses something. Something hits you.
* * * LOW HITPOINT WARNING * * *
Something hits you but does no damage.
You bump into the rock wall.
You feel less confused. Something hits you but does no damage.
You miss something. Something hits you.
* * * LOW HITPOINT WARNING * * *
An endoplasm comes into view.
You closely miss something.
The endoplasm quivers.
You hear some strange, mumbled words.
A puff of flame appears from out of thin air!
The puff of flame hits you.
You die...

.# .# .# #.# .#
##.## .# #...##
## >... ...
#J#.########.#
#....o{{@..#.#
###.######...#
###.# #.#
######### #.#
#.......# #.# ###
#.#####.# #.# ...
#.# #.# #.####
##. #.#
###.########.##.#


You could see an orc and an endoplasm.

Vanquished Creatures
  3 adders
  3 dart slugs
  2 orcs (D:3)
  3 endoplasms
  3 giant cockroaches
  3 goblins (D:2)
  9 hobgoblins
  2 jackals (D:2)
  4 quokkas
  A ball python (D:2)
  4 bats
  5 frilled lizards
  9 kobolds
  3 rats
54 creatures vanquished.

Vanquished Creatures (others)
  A fungus (D:3)
  A plant (D:3)
2 creatures vanquished.

Grand Total: 56 creatures vanquished

Notes
Turn   | Place    | Note
-------+----------+-------------------------------------------
     0 | D:1      | RascalDebosk the Minotaur Fighter began the quest for the
                  | Orb.
     0 | D:1      | Reached XP level 1. HP: 19/19 MP: 0/0
   322 | D:1      | Reached XP level 2. HP: 25/27 MP: 1/1
   836 | D:1      | Reached skill level 1 in Evocations
   846 | D:1      | Reached XP level 3. HP: 31/33 MP: 2/2
  1071 | D:2      | Reached skill level 1 in Throwing
  2098 | D:3      | Reached XP level 4. HP: 40/40 MP: 3/3
  2260 | D:3      | Found a faded altar of an unknown god.
  2585 | D:3      | Killed from afar by an orc wizard

Illustrated notes

Levels and vault maps discovered:
D:1:      tarquinn_simple_flora_water_f, layout_basic, serial_curves,
          eino_curves_03, eino_curves_02, eino_curves_04, eino_curves_03
D:2:      layout_basic
D:3:      minmay_wonky_spiral, layout_loops_corners,
          shapermc_ecumenical_altar_hornbeckon

Skill      XL: |  1  2  3 |
---------------+----------+-----
Evocations     | 1 |  1.3
Shields        | 4 |  4.2
Throwing       | 1 |  1.2
Fighting       | 4 |  4.1
Armour         | 4 |  4.1
Axes           | 3 |  3.2

Action                   |  1- 3 |  4- 6 || total
-------------------------+-------+-------++-------
Melee: War axe           |    93 |    35 ||   128
       Headbutt          |    14 |     3 ||    17
  Use: Scroll            |     2 |       ||     2
Armor: Scale mail        |    51 |    18 ||    69
Dodge: Dodged            |    45 |    24 ||    69
Block: Buckler           |    25 |     9 ||    34
